AoeStats
← 乳不巨何以聚人心

Fortress

509951222Analyzed
3v3 RM · 4d ago on Sep 28, 2026· 95m 14s· 6 players
Game mode
Random Map
Map size
Large (8 player)
Population
200
Speed
Normal
Resources
Standard
Victory
Conquest
Starting age
Dark Age
Ending age
Imperial Age
RankedLock teamsTeams togetherTeam positionsShared explorationLock speedFull tech treeHidden civsTurbo modeCheats
Victory
Defeat
🇸🇰 Italians · Slovakia
1194
+13
🇸🇰 Portuguese · Slovakia
1121
+16
🇸🇰 Japanese · Slovakia
1041
+21
🇭🇰 Bengalis · Hong Kong SAR China
1173
-18
🇭🇰 Cumans · Hong Kong SAR China
1155
-18
🇲🇽 Goths · Mexico
1067
-14
SkalloSVK
9:05 Feudal Age
12:37 Castle Age
10:33 Double-Bit Axe
10:49 Horse Collar
11:04 Gold Mining
11:57 Loom
13:17 Wheelbarrow
12:28 Loom
13:54 Fletching
17:16 Bodkin Arrow
18:48 Heavy Plow
22:34 Padded Archer Armor
22:09 Pikeman
26:32 Imperial Age
24:37 Scale Mail Armor
25:58 Leather Archer Armor
25:31 Light Cavalry
26:22 Bloodlines
28:14 Chemistry
27:42 Hand Cart
27:50 Husbandry
28:23 Conscription
28:44 Ring Archer Armor
29:38 Circumnavigation
30:30 Bracer
30:41 Siege Engineers
31:37 Bow Saw
30:50 Halberdier
32:14 Forging
34:06 Chain Mail Armor
33:42 Town Watch
34:47 Arquebus
36:26 Ballistics
36:34 Town Patrol
36:44 Elite Organ Gun
41:05 Plate Mail Armor
41:11 Iron Casting
47:43 Blast Furnace
48:24 Masonry
51:23 Crop Rotation
51:54 Two-Man Saw
56:38 Siphons
57:35 Caravan
59:12 Guilds
60:45 Scale Barding Armor
60:55 Stone Mining
61:47 Architecture
61:12 Murder Holes
62:13 Chain Barding Armor
64:54 Plate Barding Armor
84:22 Capped Ram
MIGEL TECHEIROS
2:31 Loom
9:02 Feudal Age
10:47 Double-Bit Axe
13:18 Castle Age
11:43 Horse Collar
15:14 Scale Mail Armor
22:30 Forging
22:39 Pikeman
23:20 Squires
24:45 Iron Casting
24:26 Chain Mail Armor
30:56 Fletching
31:06 Padded Archer Armor
32:59 Yasama
36:20 Imperial Age
35:05 Elite Skirmisher
37:30 Bodkin Arrow
37:50 Leather Archer Armor
37:38 Elite Samurai
38:42 Kataparuto
40:02 Halberdier
49:58 Heavy Plow
63:44 Capped Ram
65:43 Bow Saw
67:48 Onager
72:47 Two-Man Saw
85:14 Ballistics
85:55 Chemistry
93:01 Wheelbarrow
92:12 Town Watch
phesant_SK
7:11 Feudal Age
11:01 Castle Age
9:40 Double-Bit Axe
10:37 Horse Collar
12:04 Bow Saw
14:19 Loom
19:24 Wheelbarrow
19:26 Heavy Plow
24:04 Imperial Age
21:06 Pikeman
21:47 Scale Mail Armor
22:06 Town Watch
22:25 Squires
22:29 Fletching
22:45 Padded Archer Armor
23:00 Forging
23:33 Bodkin Arrow
23:54 Leather Archer Armor
25:01 Hand Cart
24:55 Bracer
26:13 Chemistry
27:18 Ballistics
27:55 Ring Archer Armor
28:16 Conscription
28:34 Chain Mail Armor
28:32 Masonry
28:33 Fortified Wall
29:44 Plate Mail Armor
29:06 Arson
30:39 Town Patrol
33:21 Capped Ram
36:04 Pirotechnia
38:21 Iron Casting
44:50 Elite Genoese Crossbowman
51:16 Man-at-Arms
52:17 Thumb Ring
52:50 Gold Mining
55:35 Murder Holes
57:23 Caravan
64:25 Two-Man Saw
65:41 Blast Furnace
88:57 Bloodlines
88:08 Light Cavalry
88:48 Husbandry
88:46 Hussar
90:29 Scale Barding Armor
93:06 Chain Barding Armor
kyy
8:22 Feudal Age
9:16 Double-Bit Axe
9:13 Horse Collar
14:56 Castle Age
13:55 Loom
14:45 Bloodlines
16:21 Bow Saw
19:36 Scale Barding Armor
20:40 Forging
24:31 Chain Barding Armor
24:47 Iron Casting
30:28 Imperial Age
28:34 Wheelbarrow
30:42 Cavalier
32:08 Plate Barding Armor
33:00 Conscription
36:15 Gold Mining
38:22 Blast Furnace
36:53 Paladin
40:21 Light Cavalry
47:29 Hussar
60:39 Hand Cart
71:59 Town Watch
78:56 Scale Mail Armor
89:36 Fletching
89:41 Elite Skirmisher
90:27 Thumb Ring
93:08 Bodkin Arrow
95:04 Chemistry
乳不巨何以聚人心
8:06 Feudal Age
9:36 Loom
11:21 Double-Bit Axe
11:32 Horse Collar
14:04 Castle Age
12:23 Fletching
13:07 Padded Archer Armor
14:33 Pikeman
15:24 Bow Saw
15:24 Squires
15:24 Bodkin Arrow
15:29 Scale Mail Armor
15:35 Elite Skirmisher
18:13 Sanctity
21:24 Redemption
24:22 Leather Archer Armor
25:50 Wheelbarrow
26:06 Ballistics
28:55 Hand Cart
32:58 Imperial Age
31:02 Husbandry
31:13 Bloodlines
30:58 Gold Mining
34:32 Conscription
34:18 Bracer
35:21 Chemistry
38:03 Elite Ratha (Ranged)
41:59 Paiks
42:46 Elite Skirmisher
44:38 Two-Man Saw
43:48 Heavy Plow
45:29 Scale Barding Armor
48:20 Ring Archer Armor
50:42 Chain Barding Armor
54:56 Plate Barding Armor
55:06 Caravan
56:05 Forging
56:46 Elite Elephant Archer
72:02 Halberdier
glitter
10:27 Feudal Age
11:38 Feudal Age
11:58 Horse Collar
12:24 Gold Mining
12:20 Double-Bit Axe
13:11 Wheelbarrow
12:47 Stone Mining
15:44 Castle Age
14:03 Loom
14:31 Town Watch
16:49 Loom
19:06 Bow Saw
19:07 Heavy Plow
23:59 Stone Shaft Mining
25:43 Squires
25:04 Man-at-Arms
26:28 Scale Mail Armor
27:06 Man-at-Arms
28:27 Hand Cart
28:13 Long Swordsman
31:56 Imperial Age
29:39 Forging
31:11 Pikeman
32:06 Two-Handed Swordsman
33:59 Chain Mail Armor
33:16 Champion
34:39 Conscription
34:20 Anarchy
35:08 Perfusion
37:51 Iron Casting
37:30 Fletching
42:29 Town Patrol
45:06 Halberdier
49:22 Capped Ram
62:40 Light Cavalry
63:30 Bloodlines
63:22 Husbandry
63:39 Scale Barding Armor
64:52 Blast Furnace
63:35 Hussar
75:04 Chain Barding Armor
80:41 Bodkin Arrow
80:47 Padded Archer Armor
82:53 Elite Skirmisher
Connection lost

Rejoining the realm…

Still unreachable

The connection could not be restored.

Session expired

The server has moved on; the page needs a fresh start.